 Dungeon Crawl Stone Soup version 0.30-a0-1085-g990a428a5c (webtiles) character file.

Game seed: 16978496426093205432

654 themarg the Summoner (level 7, -17/46 HPs)
             Began as a Merfolk Summoner on Apr 17, 2023.
             Demolished by a shadow (25 damage)
             ... on level 5 of the Dungeon.
             The game lasted 00:13:52 (6049 turns).

themarg the Summoner (Merfolk Summoner)             Turns: 6049, Time: 00:13:52

Health: -17/46     AC:  5    Str:  9    XL:     7   Next: 54%
Magic:  6/10       EV: 12    Int: 16    God:
Gold:   361        SH:  0    Dex: 14    Spells: 4/10 levels left

rFire   . . .      SeeInvis .    l - +0 spear
rCold   . . .      Faith    .    (no shield)
rNeg    . . .      Spirit   .    a - +0 robe
rPois   .          Reflect  .    k - +0 helmet
rElec   .          Rampage  .    (no cloak)
rCorr   .                        (no gloves)
Will    .....                    u - +1 pair of boots
Stlth   ++                       (no amulet)
HPRegen 0.27/turn                (no ring)
MPRegen 0.12/turn                (no ring)

@: no status effects
A: (nimble swimmer 2), mertail
a: no special abilities


You were on level 5 of the Dungeon.
You visited 1 branch of the dungeon, and saw 7 of its levels.

You collected 361 gold pieces.

Inventory:

Hand Weapons
 b - the +5 mace "Dariri" {freeze, *Corrode Will++ Str+3}
   (You found it on level 4 of the Dungeon)

   Str:       It affects your strength (+3).
   *Corrode:  It may corrode you when you take damage.
   Will:      It greatly increases your willpower.
 l - a +0 spear (weapon)
 s - a +0 trident
Missiles
 i - 25 stones
 o - 10 poisoned darts
Armour
 a - a +0 robe (worn)
 k - a +0 helmet (worn)
 u - a +1 pair of boots (worn)
Jewellery
 y - the ring of Egomania {Ice rElec rPois rN+++ Stlth-}
   (You found it on level 4 of the Dungeon)

   [ring of ice]

   It enhances your ice magic.
   rF:        It makes you vulnerable to fire.
   rC:        It protects you from cold.
   rElec:     It insulates you from electricity.
   rPois:     It protects you from poison.
   rN:        It renders you almost immune to negative energy.
   Stlth:     It makes you less stealthy.
Wands
 h - a wand of roots (9)
 p - a wand of polymorph (6)
Scrolls
 c - a scroll of teleportation {unknown}
 j - a scroll of immolation {unknown}
 m - a scroll of enchant armour {unknown}
 q - a scroll of poison
 r - a scroll of fear {unknown}
 w - a scroll of fog {unknown}
Potions
 d - 3 potions of curing
 e - a potion of attraction {unknown}
 f - a potion of heal wounds
 g - a potion of cancellation {unknown}
 n - 2 potions of mutation {unknown}
 t - a potion of lignification {unknown}
 v - a potion of might {unknown}


   Skills:
 - Level 2.6 Dodging
 - Level 3.0 Stealth
 - Level 2.0 Spellcasting
 + Level 8.3 Summonings
 + Level 2.0 Air Magic


You had 4 spell levels left.
You knew the following spells:

 Your Spells              Type           Power      Damage    Failure   Level
a - Summon Small Mammal   Summ           100%       N/A       1%          1
b - Call Imp              Summ           56%        N/A       1%          2
c - Call Canine Familiar  Summ           28%        N/A       1%          3

Your spell library contained the following spells:

 Spells                   Type           Power      Damage    Failure   Level
 Summon Guardian Golem    Hex/Summ       14%        N/A       11%         3
 Apportation              Tloc           2%         N/A       21%         1
 Necrotise                Necr           4%         1d4       21%         1
 Summon Lightning Spire   Summ/Air       18%        N/A       24%         4
 Blink                    Tloc           2%         N/A       30%         2
 Lesser Beckoning         Tloc           2%         N/A       30%         2
 Momentum Strike          Conj/Tloc      2%         3d8       30%         2


Dungeon Overview and Level Annotations

Branches:
Dungeon (7/15)
 Temple: D:4-7

Altars:
Kikubaaqudgha
Ru
Vehumet

Shops:
D:4 *[(


Innate Abilities, Weirdness & Mutations

((You are very nimble when in or above water. (Stealth+, EV+, Speed+++)))
Your lower body shifts to a powerful aquatic tail in water.


Message History

The sleepcap completely misses your cerulean imp.
Your hound bites the shadow but does no damage.
The shadow hits your hound!
You hit the shadow.
The shadow is severely damaged.
Your hound barely misses the shadow.
Your cerulean imp hits the sleepcap with a -1 spear.
The shadow hits you!
The sleepcap releases spores at your cerulean imp.
Your cerulean imp is engulfed in a cloud of soporific spores!
You hit the shadow but do no damage.
The shadow is severely damaged.
Your hound bites the shadow but does no damage.
Your cerulean imp hits the sleepcap with a -1 spear.
Your hound bites the shadow.
The sleepcap releases spores at your cerulean imp.
The shadow slips into darkness.
The shadow flickers and vanishes!
Deactivating autopickup; reactivate with Ctrl-A.
You barely miss something. Your hound misses something.
Your cerulean imp hits the sleepcap with a -1 spear.
The shadow strikes at you from the darkness!
Ouch! That really hurt!
* * * LOW HITPOINT WARNING * * *
Reactivating autopickup.
The sleepcap misses your cerulean imp.
Your hound bites the shadow but does no damage.
You closely miss the shadow.
The shadow is almost destroyed.
Your cerulean imp hits the sleepcap but does no damage.
Your hound bites the shadow.
The shadow slips into darkness.
The shadow flickers and vanishes!
Deactivating autopickup; reactivate with Ctrl-A.
The sleepcap closely misses your cerulean imp.
You miss something.
Your hound completely misses something.
Your cerulean imp hits the sleepcap but does no damage.
The shadow strikes at you from the darkness!
Ouch! That really hurt!
You die...

## .# .. #.# .# )#
#.# .##.## #.#
.f.. #.# #5h #.#
#{### #.#
#@..##########.###
#...[.............
#...#######....###
##.## #...#..# #.#
#.#...## #.#
#.##.## ...# #.#
#.##.# ##..# ####
#.# #.##.# #....
..# #.# #.##..


You could see a sleepcap (ally target), a friendly hound (summoned) and a
friendly cerulean imp (summoned).

Vanquished Creatures
  A howler monkey (D:7)
  Natasha (D:2)
  An iguana (D:4)
  A gnoll (D:4)
  2 adders (D:4)
  A dart slug (D:2)
  3 orcs
  3 ball pythons
  An endoplasm (D:4)
  2 goblins
  3 hobgoblins
  A quokka (D:1)
  2 bats
  A kobold (D:3)
23 creatures vanquished.

Vanquished Creatures (collateral kills)
  A bullfrog (D:4)
  A scorpion (D:7)
  A jelly (D:7)
  2 hounds
  A gnoll bouda (D:4)
  Natasha (twice) (D:2)
  An orc wizard (D:5)
  5 gnolls
  6 adders
  A worm (D:3)
  3 dart slugs
  17 orcs
  3 endoplasms
  A giant cockroach (D:1)
  4 hobgoblins
  4 jackals
  2 quokkas
  4 ball pythons
  3 bats
  4 frilled lizards
  2 goblins (D:2)
  6 kobolds
  6 rats
80 creatures vanquished.

Vanquished Creatures (others)
  11 plants (D:2)
11 creatures vanquished.

Grand Total: 114 creatures vanquished

Notes
Turn   | Place    | Note
-------+----------+-------------------------------------------
     0 | D:1      | themarg the Merfolk Summoner began the quest for the Orb.
     0 | D:1      | Reached XP level 1. HP: 13/13 MP: 3/3
   287 | D:1      | Reached XP level 2. HP: 19/19 MP: 1/5
   290 | D:1      | Learned a level 2 spell: Call Imp
   828 | D:2      | Reached XP level 3. HP: 19/24 MP: 1/6
  1024 | D:2      | Noticed Natasha
  1106 | D:2      | Found an ancient bone altar of Kikubaaqudgha.
  1433 | D:2      | Reached skill level 5 in Summonings
  1436 | D:2      | Reached XP level 4. HP: 25/30 MP: 2/7
  1440 | D:2      | Learned a level 3 spell: Call Canine Familiar
  1975 | D:2      | Killed Natasha
  2118 | D:2      | Found an ancient bone altar of Kikubaaqudgha.
  2146 | D:2      | Noticed Natasha
  2160 | D:2      | Killed Natasha
  2161 | D:2      | Reached XP level 5. HP: 27/35 MP: 3/8
  2319 | D:2      | Noticed Natasha
  2327 | D:2      | Killed Natasha
  2328 | D:2      | Reached skill level 6 in Summonings
  4305 | D:4      | You fall into a shaft and drop 3 floors!
  4313 | D:7      | Identified the +3 buckler of Gestures {-Tele Str+3 Int+4
                  | Stlth+}
  4328 | D:7      | Reached skill level 7 in Summonings
  4328 | D:7      | Reached XP level 6. HP: 41/41 MP: 4/9
  4503 | D:5      | Entered Level 5 of the Dungeon
  4839 | D:3      | Found a faded altar of an unknown god.
  5156 | D:4      | Identified the +5 mace "Dariri" {freeze, *Corrode Will++
                  | Str+3}
  5186 | D:4      | Reached XP level 7. HP: 27/46 MP: 0/10
  5207 | D:4      | Reached skill level 8 in Summonings
  5208 | D:4      | Reached skill level 1 in Air Magic
  5312 | D:4      | Found a radiant altar of Vehumet.
  5504 | D:4      | Found Xithrian's Armour Emporium.
  5569 | D:4      | Found a sacrificial altar of Ru.
  5573 | D:4      | Identified the ring of Egomania {Ice rElec rPois rN+++
                  | Stlth-}
  5671 | D:4      | Found Jotucyz's Assorted Antiques.
  5757 | D:4      | Found Toggunusch's Antique Weapon Boutique.
  6034 | D:5      | Noticed a shadow
  6049 | D:5      | Demolished by a shadow

Illustrated notes

Levels and vault maps discovered:
D:1:      doesnt_arrival_eight_statues, layout_rooms, minmay_tromino_v2
D:2:      layout_basic, serial_forest, infiniplex_forest_clump_small,
          infiniplex_forest_clump_cross, infiniplex_forest_3_way,
          infiniplex_forest_lined_2, infiniplex_forest_lined_ring,
          infiniplex_forest_end_2, basic_altar, nicolae_grassy_gnolls,
          uniq_natasha
D:3:      layout_basic, shapermc_ecumenical_altar_acropolis
D:4:      cheibrodos_helix_gallery, layout_basic, lemuel_coloured_pillars_altar,
          nicolae_vehumet_radiance, serial_shops, nicolae_shop_crystal,
          kennysheep_mini_moat, shop
D:5:      layout_loops_ring, minmay_manual_mess
D:6:      minmay_klotski, layout_loops_ring
D:7:      layout_basic, minmay_temple_entry_waves, roderic_lattice_a, uniq_pikel

Skill      XL: |  1  2  3  4  5  6  7 |
---------------+----------------------+-----
Stealth        | 3 |  3.0
Summonings     | 5 7 8 |  8.3
Air Magic      | 2 |  2.0
Dodging        | |  2.6
Spellcasting   | |  2.0

Action                     |  1- 3 |  4- 6 |  7- 9 || total
---------------------------+-------+-------+-------++-------
  Melee: Club              |    15 |       |       ||    15
         Unarmed           |     3 |       |       ||     3
         Short sword       |     9 |       |       ||     9
         Spear             |       |   108 |    48 ||   156
         Punch             |       |     1 |       ||     1
   Cast: Summon Small Mamm |    38 |     7 |       ||    45
         Call Imp          |     7 |    25 |     5 ||    37
         Call Canine Famil |       |    27 |    12 ||    39
    Use: Scroll            |       |     3 |     1 ||     4
         Potion            |       |     2 |     1 ||     3
   Stab: Distracted        |     1 |     4 |     3 ||     8
         Sleeping          |       |       |     1 ||     1
 Armour: Robe              |    12 |    22 |     5 ||    39
  Dodge: Dodged            |    26 |    52 |    16 ||    94

Table legend: (Time is in decaauts)
 A = Elapsed time spent in this place.
 B = Non-inter-level travel time spent in this place.
 C = Inter-level travel time spent in this place.
 D = Time resting spent in this place.
 E = Time spent auto-exploring this place.
 F = Levels seen in this place.
 G = Mean time per level.
                   A        B        C        D        E       F      G
               +--------+--------+--------+--------+--------+-----+--------+
         Total |   6069 |   5923 |    146 |    250 |   4669 |   7 |  867.0 |
       Dungeon |   6069 |   5923 |    146 |    250 |   4669 |   7 |  867.0 |
               +--------+--------+--------+--------+--------+-----+--------+

Top non-repeatable levels by time:
     D:2: 2145 daAuts
     D:3: 1471 daAuts
     D:4: 1165 daAuts
     D:1: 810 daAuts
     D:5: 277 daAuts
     D:7: 195 daAuts
     D:6: 3 daAuts
